 Dungeon Crawl Stone Soup version 0.30-a0-364-gf6b3ef1049 (webtiles) character file.

Game seed: 7286516265289782865

238565 holysushi the Imperceptible (level 20, -14/128 HPs)
             Began as a Kobold Monk on Nov 15, 2022.
             Was the Champion of Dithmenos.
             Killed from afar by a deep elf knight (38 damage)
             ... with a shard of ice
             ... on level 1 of the Elven Halls.
             The game lasted 01:24:17 (40788 turns).

holysushi the Imperceptible (Kobold Monk)          Turns: 40788, Time: 01:24:17

Health: -14/128    AC: 11    Str: 11    XL:     20   Next: 4%
Magic:  28/28      EV: 47    Int: 12    God:    Dithmenos [******]
Gold:   31         SH: 18    Dex: 35    Spells: 19/19 levels left

rFire   . . .      SeeInvis .    s - +7 rapier (speed)
rCold   . . .      Faith    .    H - +3 warlock's mirror {reflect}
rNeg    . . .      Spirit   .    m - +1 robe {Will+}
rPois   .          Reflect  +    t - +1 helmet
rElec   .          Harm     .    k - scarf {+Inv}
rCorr   .          Rampage  .    X - +2 pair of gloves {Stlth+}
Will    ++...                    g - +2 pair of boots {Fly} Stlth ##********
                                 N - amulet of reflection
HPRegen 0.41/turn                W - +6 ring of dexterity
MPRegen 0.21/turn                n - +6 ring of dexterity

@: flying, wreathed by umbra, studying Evocations
A: small, no large weapons, nightstalker 3
}: 2/15 runes: barnacled, gossamer
a: Renounce Religion, Evoke Invisibility, Shadow Step, Shadow Form


You were on level 1 of the Elven Halls.
You worshipped Dithmenos.
Dithmenos was exalted by your worship.
You visited 7 branches of the dungeon, and saw 32 of its levels.
You also visited: Sewer and Ossuary.

You collected 4454 gold pieces.
You spent 4423 gold pieces at shops.

Inventory:

Hand Weapons
 s - a +7 rapier of speed (weapon)
Armour
 g - a +2 pair of boots of flying (worn)
 k - a scarf of invisibility (worn)
 m - a +1 robe of willpower (worn)
 t - a +1 helmet (worn)
 H - the +3 warlock's mirror (worn) {reflect}
   (You found it on level 12 of the Dungeon)

   It can block and reflect piercing ranged attacks and magical attacks against
   the wielder's willpower.
 X - a +2 pair of gloves of stealth (worn)
Jewellery
 n - a +6 ring of dexterity (right hand)
 o - the ring of Tecet {Int+3 SInv Stlth+}
   (You found it on level 4 of the Shoals)

   [ring of see invisible]

   Int:       It affects your intelligence (+3).
   SInv:      It lets you see invisible.
   Stlth:     It makes you more stealthy.
 p - a +4 ring of slaying
 x - a ring of resist corrosion
 G - a ring of poison resistance
 N - an amulet of reflection (around neck)
 O - a ring of protection from cold
 W - a +6 ring of dexterity (left hand)
 Z - the ring "Cerisch" {rF+ rN+ Str+3 Dex+4}
   (You took it off a merfolk javelineer on level 4 of the Shoals)

   [ring of positive energy]

   Str:       It affects your strength (+3).
   Dex:       It affects your dexterity (+4).
   rF:        It protects you from fire.
   rN:        It protects you from negative energy.
Wands
 a - a wand of digging (15)
 q - a wand of flame (64)
 v - a wand of iceblast (37)
 D - a wand of mindburst (12)
 K - a wand of acid (7)
 M - a wand of paralysis (16)
Scrolls
 d - 3 scrolls of poison
 i - a scroll of summoning
 j - 6 scrolls of teleportation
 y - 6 scrolls of fog
 F - 7 scrolls of magic mapping
 I - 4 scrolls of vulnerability
 L - a scroll of torment
 R - 5 scrolls of blinking
 S - 7 scrolls of fear
 U - 3 scrolls of immolation
Potions
 b - 6 potions of magic
 c - 8 potions of ambrosia
 e - 14 potions of heal wounds
 f - 4 potions of resistance
 h - 4 potions of attraction
 l - 14 potions of curing
 r - 3 potions of might
 u - 5 potions of lignification
 w - 7 potions of flight
 B - 3 potions of invisibility
 C - 4 potions of mutation
 E - 4 potions of cancellation
 P - 3 potions of haste
 Q - 3 potions of berserk rage
 T - 6 potions of brilliance
Miscellaneous
 z - a phial of floods
 A - a phantom mirror
 J - a lightning rod (4/4)
 V - a box of beasts


   Skills:
 - Level 14.5 Fighting
 - Level 18.0 Short Blades
 - Level 21.9 Dodging
 - Level 22.0 Stealth
 - Level 8.9 Shields
 - Level 11.9 Invocations
 + Level 11.0 Evocations


You had 19 spell levels left.
You didn't know any spells.
Your spell library contained the following spells:

 Spells                   Type           Power      Damage    Failure   Level
 Foxfire                  Conj/Fire      0%         2x1d4     41%         1
 Freeze                   Ice            0%         1d3       41%         1
 Magic Dart               Conj           0%         1d3       41%         1
 Sandblast                Erth           0%         2d4       41%         1
 Summon Small Mammal      Summ           0%         N/A       41%         1
 Blink                    Tloc           0%         N/A       54%         2
 Call Imp                 Summ           0%         N/A       54%         2
 Cigotuvi's Dreadful Rot  Necr/Pois/Air  0%         N/A       54%         2
 Poisonous Vapours        Pois/Air       0%         N/A       54%         2
 Scorch                   Fire           0%         2d5       54%         2
 Sublimation of Blood     Necr           0%         N/A       54%         2
 Call Canine Familiar     Summ           0%         N/A       78%         3
 Frozen Ramparts          Ice            0%         1d1       78%         3
 Hailstorm                Conj/Ice       0%         3d3       78%         3
 Inner Flame              Hex/Fire       0%         N/A       78%         3
 Mephitic Cloud           Conj/Pois/Air  0%         N/A       78%         3
 Ozocubu's Armour         Ice            0%         N/A       78%         3
 Summon Guardian Golem    Hex/Summ       0%         N/A       78%         3
 Animate Dead             Necr           0%         N/A       99%         4
 Flame Wave               Conj/Fire      0%         2d4       99%         4
 Manifold Assault         Tloc           0%         N/A       99%         4
 Petrify                  Tmut/Erth      0%         N/A       99%         4
 Sticky Flame             Conj/Fire      0%         2d3       99%         4
 Summon Lightning Spire   Summ/Air       0%         N/A       99%         4
 Alistair's Intoxication  Tmut/Pois      0%         N/A       100%        5
 Blade Hands              Tmut           0%         N/A       100%        5
 Borgnjor's Vile Clutch   Necr/Erth      0%         N/A       100%        5
 Fireball                 Conj/Fire      0%         3d3       100%        5
 Irradiate                Conj/Tmut      0%         3d11      100%        5
 Metabolic Englaciation   Hex/Ice        0%         N/A       100%        5
 Summon Forest            Summ/Tloc      0%         N/A       100%        5
 Death Channel            Necr           0%         N/A       100%        6
 Eringya's Noxious Bog    Tmut/Pois      0%         N/A       100%        6
 Simulacrum               Ice/Necr       0%         N/A       100%        6
 Starburst                Conj/Fire      0%         6d3       100%        6
 Summon Cactus Giant      Summ           0%         N/A       100%        6
 Dragon Form              Tmut           0%         N/A       100%        7
 Storm Form               Tmut/Air       0%         N/A       100%        7
 Summon Hydra             Summ           0%         N/A       100%        7
 Ignition                 Fire           0%         3d3       100%        8
 Maxwell's Capacitive Co  Air            0%         ∞         100%        8


Dungeon Overview and Level Annotations

Branches:
Dungeon (15/15) Zot: 25881  Temple (1/1) D:6 Zot: 5927    Lair (5/5) D:10 Zot: 22188
 Shoals (4/4) Lair:2 Zot: 19046  Spider (4/4) Lair:3 Zot: 19363   Slime (0/5) Lair:5
    Orc (2/2) D:11 Zot: 9323     Elf (1/3) Orc:2 Zot: 4970  Vaults (0/5) D:13
 Depths (0/4) D:15          Sewer (visited)         Ossuary (visited)

Altars:
Ashenzari
Cheibriados
Dithmenos
Fedhas
Gozag
Hepliaklqana
Kikubaaqudgha
Makhleb
Nemelex Xobeh
Okawaru
Qazlal
Ru
Sif Muna
Trog
Uskayaw
Vehumet
Wu Jian
Xom
Yredelemnul
Zin
The Shining One

Shops:
D:6 :   Orc:1 (?[==   Orc:2 =*[*   Elf:1 :   Shoals:3 *[

Portals:
Pandemonium: Orc:2

Annotations:
D:4 2 runed translucent doors
D:7 2 transporters, experimilk's ghost, novice DrCj


Innate Abilities, Weirdness & Mutations

You are small and have problems with some larger weapons.
You are completely attuned to the shadows.


Message History

The deep elf high priest is almost dead.
Your shadow closely misses the deep elf high priest.
You closely miss the deep elf high priest.
The deep elf high priest is almost dead.
The deep elf knight gestures at you while chanting.
Your +3 warlock's mirror {reflect} reflects the shard of ice!
The shard of ice misses the deep elf knight.
The deep elf knight blocks the shard of ice.
You block the deep elf high priest's attack.
You hit the deep elf high priest.
The deep elf high priest is almost dead.
You puncture the deep elf high priest!
You kill the deep elf high priest!
Dithmenos accepts your kill.
Your Evocations skill increases to level 11!
You hit the deep elf knight.
The deep elf knight is lightly wounded.
Your shadow hits the deep elf knight with a rapier.
Something hits you!!
You emit a cloud of dark smoke.
The deep elf knight shouts!
You puncture the deep elf knight!
The deep elf knight is moderately wounded.
You block the deep elf knight's attack.
You closely miss the deep elf knight.
The deep elf knight is moderately wounded.
Your shadow barely misses the deep elf knight.
You block something's attack.
You hit something but do no damage.
The deep elf knight gestures at you while chanting.
The shard of ice misses you.
You hear some strange, mumbled words.
A shard of ice appears from out of thin air!
The shard of ice hits you!!!
* * * LOW HITPOINT WARNING * * *
You emit a cloud of dark smoke.
The deep elf knight attacks as you move away!
The deep elf knight closely misses you.
The deep elf knight casts a spell at you.
The shard of ice hits you!!!
You die...

#..[ +....4e #...
####.##..#.e# #...
#.....'....E. #...
#.##..').).°e #..#
#.##..#§)#.° ##'#
###.##§§e§)...° #.# #
#')))§{ee§..... #.#
.#.###)##@§#88#88# ##.#
...)..)############ #...
.#.###.###...####.# ##.#
# #.##.....'...# ###
#)#......###.# ##.
#)#......# #.# #..
#####.#......# #.######..
#.....#).....###.##.+....
#...).)......##.....#8...


You could see a deep elf archer (empowered, repels missiles) and 2 deep elf
knights.

Vanquished Creatures
  Nikola (Shoals:4)
  Arachne (Spider:2)
  Jorgrun (Spider:3)
  Mlioglotl (Spider:1)
  Asterion (Spider:3)
  3 sphinxes (Shoals:4)
  Gastronok (Lair:3)
  Polyphemus (Shoals:3)
  Kirke (Shoals:4)
  The ghost of SprigganGuy the Eclecticist, an adept SpAE of Vehumet (Spider:2)
  The ghost of Zajithr Qicli the Warrior, a journeyman HOMo of Beogh (Shoals:2)
  2 ghost moths
  3 emperor scorpions
  A broodmother (Spider:1)
  A stone giant (D:15)
  Azrael (D:15)
  2 deep elf demonologists (Elf:1)
  A minotaur (Shoals:4)
  6 spark wasps
  A deep elf death mage (Elf:1)
  Josephine (D:14)
  A merfolk javelineer (Shoals:4)
  5 merfolk impalers
  A deep elf high priest (Elf:1)
  4 entropy weavers
  2 ice dragons
  4 vault guards (D:13)
  6 hydras
  2 demonspawn (Orc:2)
  2 catoblepae
  3 jorogumos
  11 centaur warriors
  5 boulder beetles
  A merfolk aquamancer (Shoals:2)
  Erica (D:8)
  A merfolk avatar (Shoals:1)
  5 two-headed ogres
  An alligator snapping turtle (Shoals:2)
  11 satyrs
  4 death yaks (Shoals:3)
  4 dancing weapons (Elf:1)
  9 orc high priests
  2 tengu warriors (D:13)
  Urug (Lair:5)
  4 deep elf knights (Elf:1)
  3 sun moths (Spider:4)
  6 skeletal warriors
  6 sea snakes
  2 pharaoh ants
  7 deep elf archers (Elf:1)
  11 orb spiders
  9 wizards (D:12)
  15 harpies
  2 lindwurms (Lair:5)
  5 steelbarb worms
  3 deep elf zephyrmancers (Elf:1)
  8 deep elf pyromancers
  33 fauns
  12 ugly things
  4 orc sorcerers (Orc:2)
  12 wolf spiders
  15 manticores
  4 orc knights
  4 elephants (Lair:5)
  3 moths of wrath
  7 cyclopes
  8 merfolk sirens
  Maurice (D:13)
  2 black mambas
  6 torpor snails
  2 water nymphs
  3 gargoyles
  7 cane toads
  3 rime drakes
  10 demonic crawlers
  A kobold demonologist (D:11)
  3 komodo dragons (Lair:5)
  2 ice devils
  21 merfolk
  A tengu conjurer (D:11)
  A hellwing (Orc:2)
  An unseen horror (D:13)
  6 meliai
  A queen bee (shapeshifter) (D:14)
  6 hornets
  8 trolls
  8 polar bears
  A hornet (shapeshifter) (D:15)
  4 tyrant leeches
  4 wind drakes
  2 raiju (Lair:5)
  15 blink frogs
  4 dream sheep (Shoals:2)
  15 tarantellas
  8 slime creatures
  17 jumping spiders
  7 snapping turtles
  20 culicivoras
  2 air elementals (Elf:1)
  6 water elementals
  6 wraiths
  50 yaks
  3 wyverns
  2 hogs (Shoals:4)
  Eustachio (D:4)
  2 basilisks
  A golden eye (shapeshifter) (D:15)
  A neqoxec (Orc:2)
  4 fire elementals
  2 steam dragons
  41 redbacks
  2 chaos spawn
  11 vampire mosquitoes
  2 water moccasins
  7 wargs
  5 acid dragons
  10 hell hounds
  25 orc warriors
  4 ice beasts
  9 black bears
  2 sky beasts (D:7)
  23 wolves
  16 centaurs
  3 ogres
  7 kobold brigands
  6 bullfrogs
  3 necrophages
  A cane toad simulacrum (Lair:2)
  An earth elemental (Elf:1)
  A gnoll sergeant (D:10)
  An entropy weaver simulacrum (Lair:2)
  3 scorpions
  A wight (D:10)
  3 electric eels
  9 howler monkeys
  A hound (D:4)
  22 orc priests
  A gnoll bouda (Orc:1)
  2 jellies
  5 iguanas
  14 orc wizards
  A polar bear simulacrum (Lair:2)
  A wolf simulacrum (Lair:2)
  2 troll simulacra (Lair:2)
  8 mummies (Ossuary)
  12 gnolls
  3 river rats (Sewer)
  8 adders
  A naga simulacrum (Lair:2)
  2 shadow imps
  3 white imps
  A howler monkey simulacrum (D:11)
  An ufetubus (D:10)
  4 worms
  2 dart slugs
  51 orcs
  8 ball pythons
  8 bats
  8 endoplasms
  3 giant cockroaches
  2 gnoll zombies (Ossuary)
  7 goblins
  7 hobgoblins
  13 kobolds
  A frilled lizard (D:2)
  A jackal zombie (D:6)
  4 orc zombies (Ossuary)
  5 rats
979 creatures vanquished.

Vanquished Creatures (collateral kills)
  A wizard (D:10)
  A polar bear (D:10)
2 creatures vanquished.

Vanquished Creatures (others)
  Erolcha (D:11)
  A deep elf pyromancer (Elf:1)
  A harpy (Shoals:4)
  A demonic crawler (Spider:4)
  A merfolk (Shoals:4)
  2 tyrant leeches (Spider:4)
  A snapping turtle (Shoals:4)
  A water elemental (Elf:1)
  2 humans (Shoals:4)
  37 fungi
  87 plants
135 creatures vanquished.

Grand Total: 1116 creatures vanquished

Notes
Turn   | Place    | Note
-------+----------+-------------------------------------------
     0 | D:1      | holysushi the Kobold Monk began the quest for the Orb.
     0 | D:1      | Reached XP level 1. HP: 14/14 MP: 1/1
   536 | D:1      | Reached XP level 2. HP: 19/19 MP: 2/2
  1199 | D:2      | Reached skill level 5 in Short Blades
  1402 | D:2      | Reached XP level 3. HP: 17/23 MP: 3/3
  1653 | D:2      | Noticed a scorpion
  1656 | D:2      | Killed a scorpion
  1657 | D:2      | Reached XP level 4. HP: 28/28 MP: 4/4
  1868 | D:2      | Reached XP level 5. HP: 32/32 MP: 5/5
  1944 | D:3      | Reached skill level 3 in Stealth
  2609 | D:4      | Noticed Eustachio
  2614 | D:4      | Killed Eustachio
  2615 | D:4      | Reached skill level 4 in Stealth
  2615 | D:4      | Reached XP level 6. HP: 38/38 MP: 6/6
  2706 | D:4      | Found a sparkling altar of Nemelex Xobeh.
  2767 | D:4      | Found a runed translucent door.
  2893 | D:4      | Found a runed translucent door.
  2910 | D:4      | Reached XP level 7. HP: 29/43 MP: 7/7
  3158 | D:4      | Reached skill level 5 in Stealth
  3264 | D:4      | Found an opulent altar of Gozag.
  3267 | D:4      | Found a shimmering altar of Xom.
  3269 | D:4      | Found a sacrificial altar of Ru.
  3277 | D:4      | Found an ancient bone altar of Kikubaaqudgha.
  3277 | D:4      | Found a radiant altar of Vehumet.
  3278 | D:4      | Found a stormy altar of Qazlal.
  3383 | D:5      | Entered Level 5 of the Dungeon
  3414 | D:5      | Found a glowing drain.
  3452 | Sewer    | Entered a sewer
  3624 | Sewer    | Reached XP level 8. HP: 48/48 MP: 8/8
  3708 | Sewer    | Reached skill level 5 in Fighting
  3708 | Sewer    | Reached skill level 6 in Stealth
  3866 | Sewer    | Reached skill level 10 in Short Blades
  4805 | D:5      | Reached skill level 7 in Stealth
  5284 | D:5      | Found a shimmering blue altar of Sif Muna.
  5429 | D:6      | Noticed a yak
  5429 | D:6      | Noticed a yak
  5431 | D:6      | Noticed a yak
  5432 | D:6      | Killed a yak
  5433 | D:6      | Reached skill level 5 in Dodging
  5433 | D:6      | Reached skill level 8 in Stealth
  5433 | D:6      | Reached XP level 9. HP: 54/54 MP: 9/9
  5590 | D:6      | Found a staircase to the Ecumenical Temple.
  5605 | Temple   | Entered the Ecumenical Temple
  5669 | Temple   | Became a worshipper of Dithmenos the Shadowed
  5669 | Temple   | Reached * piety under Dithmenos
  5669 | Temple   | Reached ** piety under Dithmenos
  5701 | D:6      | Found a sand-covered staircase.
  5713 | Ossuary  | Entered an ossuary
  6231 | D:6      | Reached skill level 9 in Stealth
  6291 | D:6      | Found an ornate altar of the Wu Jian Council.
  6848 | D:6      | Found Xir Sul's Vocational Training.
  7256 | D:7      | Noticed an unseen horror
  7258 | D:7      | Found a transporter.
  7258 | D:7      | Noticed experimilk's ghost (novice DrCj)
  7262 | D:7      | Found a transporter.
  7626 | D:7      | Reached skill level 10 in Stealth
  7769 | D:8      | Reached XP level 10. HP: 59/59 MP: 10/10
  8392 | D:8      | Reached skill level 10 in Dodging
  8612 | D:8      | Noticed Erica
  8616 | D:8      | Killed Erica
  9300 | D:9      | Found a broken altar of Ashenzari.
  9429 | D:9      | Reached XP level 11. HP: 37/63 MP: 11/11
  9666 | D:9      | Reached *** piety under Dithmenos
  9744 | D:9      | Found an iron altar of Okawaru.
 10230 | D:10     | Entered Level 10 of the Dungeon
 10558 | D:10     | Found a staircase to the Lair.
 10684 | D:10     | Found a snail-covered altar of Cheibriados.
 10690 | D:10     | Found a bloodstained altar of Trog.
 10699 | D:10     | Found a glowing golden altar of the Shining One.
 10852 | D:10     | Reached skill level 15 in Dodging
 10945 | D:10     | Noticed a boulder beetle
 10951 | D:10     | Killed a boulder beetle
 10986 | D:10     | Noticed a tengu warrior
 11093 | D:11     | Noticed a manticore
 11114 | D:11     | Killed a manticore
 11270 | D:11     | Noticed a centaur warrior
 11273 | D:11     | Killed a centaur warrior
 11274 | D:11     | Reached XP level 12. HP: 73/73 MP: 12/12
 11274 | D:11     | Noticed a deep troll earth mage
 11286 | D:11     | Noticed a centaur warrior
 11289 | D:11     | Killed a centaur warrior
 11300 | D:11     | Noticed a seven-headed hydra
 11417 | D:11     | Reached **** piety under Dithmenos
 11424 | D:11     | Noticed Erolcha
 11822 | D:10     | Noticed a centaur warrior
 11918 | Lair:1   | Entered Level 1 of the Lair of Beasts
 12724 | Lair:2   | Reached skill level 1 in Invocations
 12724 | Lair:2   | Reached skill level 1 in Evocations
 13203 | Lair:3   | Noticed Gastronok
 13219 | Lair:3   | Killed Gastronok
 13694 | Lair:3   | Found a hole to the Spider Nest.
 14472 | Lair:4   | Reached XP level 13. HP: 78/78 MP: 16/16
 14700 | Lair:4   | Reached skill level 11 in Stealth
 14790 | Lair:4   | Reached skill level 12 in Stealth
 14884 | Lair:4   | Noticed a six-headed hydra
 14888 | Lair:4   | Killed a six-headed hydra
 14993 | Lair:4   | Reached skill level 13 in Stealth
 15412 | Lair:5   | Entered Level 5 of the Lair of Beasts
 15424 | Lair:5   | Noticed Urug
 15428 | Lair:5   | Killed Urug
 15441 | Lair:5   | Reached skill level 14 in Stealth
 15580 | Lair:5   | Found a staircase to the Slime Pits.
 15712 | Lair:5   | Reached skill level 15 in Stealth
 15848 | Lair:5   | Found a runed translucent door.
 15848 | Lair:5   | Noticed an ice dragon
 15884 | Lair:5   | Reached ***** piety under Dithmenos
 16072 | Lair:5   | Reached skill level 16 in Stealth
 16218 | Lair:5   | Paralysed by a hornet for 2 turns
 16223 | Lair:5   | Paralysed by a hornet for 2 turns
 16548 | Lair:5   | Reached skill level 17 in Stealth
 16768 | Lair:5   | Reached XP level 14. HP: 84/84 MP: 17/17
 16868 | Lair:5   | Reached skill level 18 in Stealth
 17151 | Lair:5   | Reached skill level 19 in Stealth
 17684 | Lair:5   | Paralysed by a hornet for 1 turns
 17900 | Lair:5   | Reached skill level 20 in Stealth
 18615 | Lair:2   | Found a staircase to the Shoals.
 21050 | D:11     | Reached ****** piety under Dithmenos
 21164 | D:11     | Killed Erolcha
 21298 | D:11     | Reached XP level 15. HP: 89/89 MP: 18/18
 21317 | D:11     | Found a staircase to the Orcish Mines.
 21928 | Orc:1    | Entered Level 1 of the Orcish Mines
 22046 | Orc:1    | Found Ylelaeri's Jewellery Emporium.
 22051 | Orc:1    | Bought a +6 ring of dexterity for 396 gold pieces
 22096 | Orc:1    | Found Kumucke's Antique Armour Shoppe.
 22102 | Orc:1    | Bought a brightly glowing robe for 108 gold pieces
 22102 | Orc:1    | Identified the +1 robe of Inquiry {Fly} (You bought it in a
                  | shop on level 1 of the Orcish Mines)
 22102 | Orc:1    | Bought an ichor-stained ring mail for 171 gold pieces
 22102 | Orc:1    | Identified the +4 ring mail of Jaerip {*Slow +Inv rElec
                  | Int+6} (You bought it in a shop on level 1 of the Orcish
                  | Mines)
 22102 | Orc:1    | Bought a pair of runed gloves for 142 gold pieces
 22102 | Orc:1    | Bought a runed cloak for 142 gold pieces
 22106 | Orc:1    | Bought a runed robe for 70 gold pieces
 22106 | Orc:1    | Bought a runed robe for 70 gold pieces
 22118 | Orc:1    | Found Igeuh's Jewellery Emporium.
 22168 | Orc:2    | Entered Level 2 of the Orcish Mines
 22288 | Orc:2    | Found a staircase to the Elven Halls.
 22419 | Orc:1    | Found Vacyerix's Magic Scroll Boutique.
 22462 | Orc:1    | Bought a scroll of brand weapon for 114 gold pieces
 22514 | Orc:1    | Found Hoqucuze's Antique Weapon Emporium.
 22519 | Orc:1    | Bought a runed rapier for 175 gold pieces
 22519 | Orc:1    | Bought a glowing rapier for 175 gold pieces
 22738 | Orc:2    | Found Woiph's General Store.
 23108 | Orc:2    | Found Tyoxtan's General Store.
 23381 | Orc:2    | Bought a wand of digging (5) for 273 gold pieces
 24491 | Orc:2    | Reached skill level 10 in Fighting
 24491 | Orc:2    | Reached skill level 15 in Short Blades
 24492 | Orc:2    | Found Ciwaubey's Antique Armour Boutique.
 24492 | Orc:2    | Found Zuil's Jewellery Shop.
 24492 | Orc:2    | Found a one-way gate leading to the halls of Pandemonium.
 24640 | Orc:2    | Bought a +6 ring of dexterity for 396 gold pieces
 25555 | D:12     | Found the +3 warlock's mirror {reflect}
 25771 | D:13     | Reached skill level 1 in Shields
 25831 | D:13     | Found a blossoming altar of Fedhas.
 25851 | D:13     | Reached XP level 16. HP: 97/100 MP: 17/19
 26283 | D:13     | Found a gate to the Vaults.
 26442 | D:13     | Noticed Maurice
 26469 | D:13     | Killed Maurice
 26512 | D:13     | Reached skill level 5 in Shields
 27687 | D:14     | Noticed Josephine
 27710 | D:14     | Killed Josephine
 28145 | D:15     | Entered Level 15 of the Dungeon
 28348 | D:15     | Noticed Azrael
 28353 | D:15     | Killed Azrael
 28601 | D:15     | Found a staircase to the Depths.
 29122 | Shoals:1 | Entered Level 1 of the Shoals
 29335 | Shoals:1 | Reached XP level 17. HP: 106/106 MP: 20/20
 30469 | Shoals:2 | Found a transporter.
 30485 | Shoals:2 | Found a transporter.
 30490 | Shoals:2 | Noticed Zajithr Qicli's ghost (journeyman HOMo)
 30493 | Shoals:2 | Found a bloodstained altar of Trog.
 30499 | Shoals:2 | Killed Zajithr Qicli's ghost
 30500 | Shoals:2 | Reached skill level 5 in Invocations
 30534 | Shoals:2 | Got the Omnibus of Conflagrant Terrain
 31020 | Shoals:2 | Identified the +0 lajatang of the Shark {freeze, rPois
                  | Stlth+}
 31045 | Shoals:2 | Identified the +7 shortbow "Boiruny" {drain, +Blink rElec
                  | rC+ Dex+2}
 31557 | Shoals:3 | Found Qamon's General Store.
 31566 | Shoals:3 | Bought a scroll of enchant weapon for 135 gold pieces
 31763 | Shoals:3 | Found Li Erlang's Dragon-Slaying Spoils.
 31968 | Shoals:3 | Noticed Polyphemus
 31974 | Shoals:3 | Killed Polyphemus
 31975 | Shoals:3 | Reached skill level 10 in Invocations
 32364 | Shoals:4 | Entered Level 4 of the Shoals
 32635 | Shoals:4 | Reached XP level 18. HP: 70/112 MP: 26/26
 32847 | Shoals:4 | Paralysed by a sphinx for 4 turns
 32861 | Shoals:4 | Reached skill level 21 in Stealth
 32977 | Shoals:4 | Identified the ring of Tecet {Int+3 SInv Stlth+}
 33245 | Shoals:4 | Got a barnacled rune of Zot
 33271 | Shoals:4 | Noticed Kirke
 33277 | Shoals:4 | Killed Kirke
 33495 | Shoals:4 | Identified the +0 pair of gloves of Egalitarianism {-Tele
                  | Rampage Regen+ Slay-2}
 33495 | Shoals:4 | Noticed Nikola
 33509 | Shoals:4 | Killed Nikola
 33557 | Shoals:4 | Identified the ring "Cerisch" {rF+ rN+ Str+3 Dex+4}
 33862 | Spider:1 | Entered Level 1 of the Spider Nest
 33983 | Spider:1 | Reached skill level 22 in Stealth
 34026 | Spider:1 | Identified the +10 whip of Honour {vorpal, MP+9 Dex+4}
 34540 | Spider:2 | Noticed Mlioglotl
 34626 | Spider:1 | Killed Mlioglotl
 35006 | Spider:2 | Noticed Arachne
 35030 | Spider:2 | Killed Arachne
 35470 | Spider:2 | Found a runed translucent gate.
 35475 | Spider:2 | Found a runed translucent gate.
 35476 | Spider:2 | Found a runed translucent gate.
 35574 | Spider:2 | Identified the ring "Luniexun" {Str+6 Int+2}
 35877 | Spider:2 | Reached XP level 19. HP: 119/119 MP: 27/27
 36040 | Spider:2 | Noticed SprigganGuy's ghost (adept SpAE)
 36122 | Spider:2 | Killed SprigganGuy's ghost
 37006 | Spider:3 | Noticed Jorgrun
 37025 | Spider:3 | Killed Jorgrun
 37208 | Spider:3 | Noticed Asterion
 37212 | Spider:3 | Killed Asterion
 37689 | Spider:4 | Entered Level 4 of the Spider Nest
 38489 | Spider:4 | Identified the +7 chain mail of Hide-and-Seek {rCorr}
 38933 | Spider:4 | Got a gossamer rune of Zot
 39183 | Shoals:3 | Bought a scroll of acquirement for 936 gold pieces
 39183 | Shoals:3 | Acquired 800 gold pieces
 39382 | Elf:1    | Entered Level 1 of the Elven Halls
 39662 | D:6      | Bought a manual of Evocations for 1120 gold pieces
 39850 | Elf:1    | Reached skill level 5 in Evocations
 40233 | Elf:1    | Found Uxasist's Book Shop.
 40692 | Elf:1    | Reached skill level 10 in Evocations
 40710 | Elf:1    | Reached XP level 20. HP: 118/128 MP: 28/28
 40788 | Elf:1    | Killed from afar by a deep elf knight

Illustrated notes

Levels and vault maps discovered:
D:1:      dpeg_arrival_concentric_ovals, layout_basic
D:2:      layout_loops_corners
D:3:      layout_basic, interstate_on_off, corexii_corridor_pit
D:4:      layout_basic, minitemple, mainiacjoe_overflow_small_starburst,
          ebering_ghost_sewer_f, st_stairs_4, uniq_eustachio
D:5:      layout_basic, mainiacjoe_overflow_alcove_2,
          cheibrodos_sewer_entry_drain
D:6:      layout_layer_cave, old_standard_altar, minmay_temple_entry_waves,
          enter_ossuary_3, nicolae_shop_vocational
D:7:      layout_rooms, gammafunk_ghost_arena, solitary_fountain
D:8:      layout_layer_cave, serial_bayou_pond_d, uniq_erica
D:9:      layout_roguey, nicolae_ashenzari_skybound,
          mainiacjoe_overflow_chevrons
D:10:     nzn_winding_woodlands_medium [nzn_winding_woodlands_5x5_cross,
          nzn_winding_woodlands_5x15_pathside_ponds,
          nzn_winding_woodlands_5x5_three,
          nzn_winding_woodlands_5x5_checkerboard,
          nzn_winding_woodlands_center_triple_pond,
          nzn_winding_woodlands_hourglass, nzn_winding_woodlands_5x5_open_star,
          nzn_winding_woodlands_5x15_split_checker,
          nzn_winding_woodlands_5x5_closed_star], layout_cave_pods,
          minmay_overflow_temple_star_quad, lair_entry_dummy, serial_ice,
          serial_ice_a, serial_ice_o, serial_ice_c, serial_ice_k
D:11:     layout_roguey, erik_orc_4, minmay_evil_grid, uniq_erolcha
D:12:     minmay_smoke_and_mirrors, layout_basic
D:13:     layout_loops_corners, lightli_vaults_fourway_checkpoint,
          fedhas_altar_1, uniq_maurice
D:14:     layout_basic, minivault_4, uniq_josephine
D:15:     grunt_enter_depths_giant_problem, layout_basic,
          hellmonk_bongcloud_opening, uniq_azrael
Temple:   nicolae_temple_two_arcs
Lair:1:   layout_roguey, lemuel_fruit_fields
Lair:2:   dreamdust_isle_of_ice, layout_loops_ring, elwin_shoals_entry_stream,
          wad_woods_road_05
Lair:3:   layout_regular_city, spider_nest_entry_webs, guppyfry_lair_drakes,
          uniq_gastronok
Lair:4:   layout_big_grid, serial_bayou_shore_a
Lair:5:   hangedman_lair_caniforms_friends, layout_regular_city, wormcave,
          dpeg_slime_entry_corner, chequers_serial_rivers_micro_d, st_stairs_4,
          minmay_hedge_maze, uniq_urug
Shoals:1: layout_shoals, nicolae_island_escapes
Shoals:2: layout_shoals, gammafunk_ghost_wrathful_warriors
Shoals:3: layout_shoals, serial_shops, nicolae_shop_hallway_plus,
          nicolae_shop_dragon_depot, nzn_prometheus_bound, uniq_polyphemus
Shoals:4: shoals_end_hellmonk_lost_city, serial_shops, uniq_nikola, uniq_kirke
Spider:1: layout_spider_delve
Spider:2: layout_spider_delve, gammafunk_ghost_split, uniq_mlioglotl,
          uniq_arachne
Spider:3: layout_spider_delve, uniq_asterion, uniq_jorgrun
Spider:4: grunt_spider_rune_island, drop_trap, nicolae_spider_swamp_cousins
Orc:1:    layout_diamond_mine, serial_shops, shop_statue,
          nicolae_shop_competitors_out_of_business, nicolae_shop_crystal,
          nicolae_shop_waterfront, shop
Orc:2:    pf_orc_diabolical, layout_caves, nicolae_orc_damp_corner,
          roderic_batcave
Elf:1:    kennysheep_blocky_hall, layout_gridlike, serial_shops,
          nicolae_shop_behind_doors, orc_legates, minmay_shop_star,
          grunt_megastairs_5

Skill      XL: |  1  2  3  4  5  6  7  8  9 10 11 12 13 14 15 16 17 18 19 20 |
---------------+-------------------------------------------------------------+-----
Short Blades   | 5 6 7 8 9 11 12 13 14 15 16 17 18 | 18.0
Stealth        | 4 5 8 10 17 20 22 | 22.0
Fighting       | 4 5 8 11 12 13 14 | 14.5
Dodging        | 5 8 13 15 17 18 19 21 | 21.9
Invocations    | 4 11 | 11.9
Evocations     | 4 10 11 | 11.0
Shields        | 1 8 |  8.9

Action                   |  1- 3 |  4- 6 |  7- 9 | 10-12 | 13-15 | 16-18 | 19-21 || total
-------------------------+-------+-------+-------+-------+-------+-------+-------++-------
Melee: Short sword       |    48 |    47 |   297 |   404 |  1143 |       |       ||  1939
       Punch             |     2 |     1 |     6 |     5 |    21 |       |       ||    35
       Rapier            |       |       |       |       |   585 |  1361 |   742 ||  2688
Evoke: Wand              |       |       |       |     3 |     1 |     1 |       ||     5
       Phial of floods   |       |       |       |       |     1 |       |     1 ||     2
  Use: Scroll            |       |       |    14 |     7 |    17 |     5 |     7 ||    50
       Potion            |       |       |       |     1 |     3 |     2 |     1 ||     7
 Stab: Sleeping          |     8 |     8 |    32 |    58 |    64 |   157 |    36 ||   363
       Distracted        |       |       |     2 |     2 |    19 |    24 |    16 ||    63
       Paralysed         |       |       |       |       |     1 |       |       ||     1
Armor: Robe              |     4 |     2 |    13 |    10 |    86 |    29 |    24 ||   168
Dodge: Dodged            |    22 |    22 |   151 |   289 |  1754 |   562 |   447 ||  3247
Block: Buckler           |       |       |       |       |     7 |   607 |   417 ||  1031
       Reflection        |       |       |       |       |       |    68 |    24 ||    92

Table legend: (Time is in decaauts)
 A = Elapsed time spent in this place.
 B = Non-inter-level travel time spent in this place.
 C = Inter-level travel time spent in this place.
 D = Time resting spent in this place.
 E = Time spent auto-exploring this place.
 F = Levels seen in this place.
 G = Mean time per level.
                   A        B        C        D        E       F      G
               +--------+--------+--------+--------+--------+-----+--------+
         Total |  39194 |  36973 |   2221 |   5223 |  22933 |  34 | 1152.8 |
       Dungeon |  16192 |  15154 |   1038 |   1247 |  11099 |  15 | 1079.5 |
        Temple |     72 |     72 |      0 |      0 |      0 |   1 |   72.0 |
          Lair |   7811 |   7416 |    395 |   1198 |   4388 |   5 | 1562.2 |
        Shoals |   4953 |   4645 |    308 |    662 |   2858 |   4 | 1238.2 |
   Spider Nest |   4636 |   4528 |    108 |   1211 |   1751 |   4 | 1159.0 |
  Orcish Mines |   2676 |   2362 |    314 |    745 |    912 |   2 | 1338.0 |
   Elven Halls |   1028 |    973 |     55 |    160 |    554 |   1 | 1028.0 |
         Sewer |   1557 |   1557 |      0 |      0 |   1226 |   1 | 1557.0 |
       Ossuary |    266 |    266 |      0 |      0 |    145 |   1 |  266.0 |
               +--------+--------+--------+--------+--------+-----+--------+

Top non-repeatable levels by time:
  Lair:5: 2516 daAuts
    D:10: 1959 daAuts
  Lair:2: 1684 daAuts
   Orc:2: 1615 daAuts
   Sewer: 1557 daAuts
     D:8: 1503 daAuts
  Lair:3: 1487 daAuts
Spider:2: 1452 daAuts
    D:11: 1450 daAuts
Shoals:1: 1418 daAuts
     D:6: 1343 daAuts
Spider:1: 1334 daAuts
Shoals:3: 1260 daAuts
     D:9: 1253 daAuts
    D:13: 1200 daAuts
